 Dungeon Crawl Stone Soup version 0.30-a0-920-g7493c07aab (webtiles) character file.

Game seed: 2452747361556466312

1977 sanka the Transmogrifier (level 9, -2/71 HPs)
             Began as a Pale Draconian Cinder Acolyte on Mar 21, 2023.
             Was a High Priest of Ignis.
             Shot with an arrow by a centaur (6 damage)
             ... on level 6 of the Dungeon.
             The game lasted 00:08:49 (5611 turns).

sanka the Transmogrifier (DrCA)                     Turns: 5611, Time: 00:08:50

Health: -2/71      AC:  9    Str: 17    XL:     9   Next: 0%
Magic:  13/13      EV: 11    Int: 15    God:    Ignis [*****.]
Gold:   379        SH:  0    Dex: 10    Spells: 4/14 levels left

rFire   + . .      SeeInvis .      - Unarmed
rCold   . . .      Faith    .    (no shield)
rNeg    . . .      Spirit   .    (body armour unavailable)
rPois   .          Reflect  .    (helmet restricted)
rElec   .          Rampage  .    j - +1 cloak
rCorr   .                        (no gloves)
Will    .....                    (no boots)
Stlth   +                        (no amulet)
HPRegen 0.31/turn                (no ring)
MPRegen 0.13/turn                (no ring)

@: no status effects
A: breathe steam, AC +7, unfitting armour, cold-blooded, steam resistance
a: Breathe Steam, Renounce Religion, Fiery Armour, Foxfire Swarm, Rising Flame


You were on level 6 of the Dungeon.
You worshipped Ignis.
Ignis was extremely pleased with you.
You visited 1 branch of the dungeon, and saw 6 of its levels.

You collected 379 gold pieces.


Innate Abilities, Weirdness & Mutations

You can breathe blasts of scalding, opaque steam.
Your pale cyan-grey scales are hard. (AC +7)
You cannot fit into any form of body armour.
You are cold-blooded and may be slowed by cold attacks.
You are immune to the effects of steam.


   Skills:
 - Level 4.0 Fighting
 - Level 8.0 Unarmed Combat
 - Level 3.0 Spellcasting
 + Level 8.2 Transmutations
 - Level 3.2 Fire Magic


You had 4 spell levels left.
You knew the following spells:

 Your Spells              Type           Power      Damage    Failure   Level
x - Blade Hands           Tmut           13%        N/A       19%         5
y - Scorch                Fire           24%        2d6       8%          2
z - Spider Form           Tmut/Pois      14%        N/A       11%         3

Your spell library contained the following spells:

 Spells                   Type           Power      Damage    Failure   Level
 Beastly Appendage        Tmut           52%        N/A       1%          1
 Wereblood                Tmut           26%        N/A       1%          2
 Passwall                 Tmut/Erth      11%        N/A       5%          2
 Sandblast                Erth           4%         2d4       21%         1
 Dazzling Flash           Conj/Hex       4%         N/A       52%         3
 Portal Projectile        Hex/Tloc       4%         N/A       52%         3
 Stone Arrow              Conj/Erth      4%         3d7       52%         3
 Tukima's Dance           Hex            2%         N/A       52%         3
 Iskenderun's Mystic Bla  Conj/Tloc      2%         2d3       89%         4
 Starburst                Conj/Fire      3%         6d3       100%        6

Inventory:

Hand Weapons
 d - a +1 spear of pain
Missiles
 g - a throwing net {=f}
Armour
 j - a +1 cloak (worn)
 t - a +0 pair of boots
Wands
 l - a wand of flame (3)
Scrolls
 a - a scroll of vulnerability {unknown}
 b - 8 scrolls of identify {unknown}
 c - a scroll of enchant armour {unknown}
 f - a scroll of immolation {unknown}
 h - a scroll of brand weapon {unknown}
 i - 4 scrolls of noise {unknown}
 m - a scroll of fog {unknown}
 n - 2 scrolls of blinking {unknown}
 p - a scroll of enchant weapon {unknown}
 u - a scroll of magic mapping {unknown}
 w - a scroll of summoning {unknown}
 y - a scroll of amnesia {unknown}
Potions
 e - 3 potions of flight {unknown}
 k - 2 potions of mutation {unknown}
 o - 4 potions of invisibility {unknown}
 q - 2 potions of resistance {unknown}
 r - a potion of might {unknown}
 s - 3 potions of curing {unknown}
 v - 2 potions of heal wounds {unknown}
 x - a potion of brilliance {unknown}
 z - a potion of degeneration {unknown}

Dungeon Overview and Level Annotations

Branches:
Dungeon (6/15)
 Temple: D:4-7

Altars:
Dithmenos
Elyvilon
Kikubaaqudgha
Qazlal
Wu Jian

Annotations:
D:6 3 runed translucent doors, exclusions: 3 centaurs and 4 more exclusions, bmj180's ghost, novice GrEE

▒▒▒▒▒▒ ▒....▒ ▒....▒
▒....▒▒▒▒▒▒▒▒▒▒
▒.............▒▒▒▒▒▒▒▒
▒.)....>......d.....(.
▒▒▒.............▒▒▒▒▒▒▒.
).[...........≈≈≈≈▒
▒[....<....≈≈≈≈≈≈≈≈▒
..▒▒▒▒▒.≈≈≈≈≈≈≈≈≈≈≈≈≈
▒▒▒ ≈≈≈≈≈≈≈≈≈≈≈≈≈≈≈≈ ▒
≈≈≈≈≈≈≈cc≈≈≈≈≈≈≈ ▒
≈≈≈≈cccc.. ≈≈≈≈≈....


You could see 6 centaurs.


Message History

The centaur shoots an arrow.
The arrow closely misses you.
You hear a shout!
Found 5 stones.
The centaur shoots an arrow.
The arrow misses you.
The centaur shoots an arrow.
The arrow hits you.
* * * LOW HITPOINT WARNING * * *
The centaur shoots an arrow.
The arrow hits you!
* * * LOW HITPOINT WARNING * * *
The centaur shouts!
The centaur shoots an arrow.
The arrow hits you.
* * * LOW HITPOINT WARNING * * *
The centaur shoots an arrow.
The arrow hits you!
* * * LOW HITPOINT WARNING * * *
The centaur shoots an arrow.
The arrow hits you!
* * * LOW HITPOINT WARNING * * *
The centaur shoots an arrow.
The arrow hits you.
* * * LOW HITPOINT WARNING * * *
The centaur shoots an arrow.
The arrow barely misses you.
The centaur shoots an arrow.
The arrow hits you.
You die...

Action                     |  1- 3 |  4- 6 |  7- 9 || total
---------------------------+-------+-------+-------++-------
  Melee: Unarmed           |   108 |   141 |   170 ||   419
         Tailslap          |    10 |    15 |    24 ||    49
         Punch             |     3 |     4 |     8 ||    15
   Cast: Scorch            |     2 |     7 |    38 ||    47
         Blade Hands       |       |       |     1 ||     1
Ability: Breathe Steam     |       |       |     1 ||     1
   Stab: Sleeping          |     1 |     1 |       ||     2
 Armour: Skin              |    40 |    59 |    64 ||   163
  Dodge: Dodged            |    63 |    87 |   110 ||   260

Levels and vault maps discovered:
D:1:      nicolae_arrival_somewhat_less_tricky_arrival, layout_basic,
          hellmonk_ecumenical_altar_lost_god, minmay_misc_feat_rugged
D:2:      layout_loops_cross, uniq_sigmund
D:3:      layout_basic, mainiacjoe_overflow_24_doors,
          chequers_serial_rivers_micro_c, dk_noncrumbling_3
D:4:      layout_cave_pools, nicolae_overflow_two_pavilions, serial_bayou,
          serial_bayou_pond_c, serial_bayou_shore_b, serial_bayou_ford_a,
          serial_bayou_pond_a, serial_bayou_pond_c, uniq_blork_the_orc,
          uniq_eustachio
D:5:      layout_basic, fountainhead, uniq_menkaure, uniq_duvessa, uniq_grinder
D:6:      layout_rooms, grunt_dithmenos_smoke, mainiacjoe_overflow_chevrons,
          gammafunk_ghost_nasty_kobolds, centaur_isle

Notes
Turn   | Place    | Note
-------+----------+-------------------------------------------
     0 | D:1      | sanka the Draconian Cinder Acolyte began the quest for the
                  | Orb.
     0 | D:1      | Reached XP level 1. HP: 19/19 MP: 2/2
    91 | D:1      | Reached XP level 2. HP: 24/26 MP: 3/3
   464 | D:1      | Found a faded altar of an unknown god.
   469 | D:1      | Reached skill level 4 in Unarmed Combat
   610 | D:1      | Reached XP level 3. HP: 30/31 MP: 4/4
   777 | D:1      | Learned a level 2 spell: Scorch
   999 | D:2      | Noticed Sigmund
  1009 | D:2      | Killed Sigmund
  1010 | D:2      | Reached skill level 6 in Unarmed Combat
  1010 | D:2      | Reached XP level 4. HP: 35/38 MP: 0/5
  1010 | D:2      | Reached XP level 5. HP: 42/45 MP: 0/6
  2017 | D:3      | Found a white marble altar of Elyvilon.
  2131 | D:3      | Reached XP level 6. HP: 45/51 MP: 7/7
  2587 | D:4      | Reached skill level 7 in Unarmed Combat
  2853 | D:4      | Reached skill level 8 in Unarmed Combat
  2937 | D:4      | Noticed Blork the orc
  2955 | D:4      | Killed Blork the orc
  2956 | D:4      | Reached skill level 2 in Spellcasting
  2956 | D:4      | Your scales start taking on a pale cyan-grey colour.
  2956 | D:4      | Reached XP level 7. HP: 37/57 MP: 3/10
  2956 | D:4      | Gained mutation: You are immune to the effects of steam.
                  | [Pale Draconian growth]
  3147 | D:4      | Noticed Eustachio
  3167 | D:4      | Killed Eustachio
  3168 | D:4      | Reached skill level 3 in Spellcasting
  3168 | D:4      | Reached skill level 4 in Fighting
  3168 | D:4      | Reached skill level 1 in Transmutations
  3386 | D:4      | Reached skill level 2 in Transmutations
  3459 | D:4      | Found an ancient bone altar of Kikubaaqudgha.
  3459 | D:4      | Found an ornate altar of the Wu Jian Council.
  3551 | D:5      | Entered Level 5 of the Dungeon
  3589 | D:5      | Reached skill level 3 in Transmutations
  3618 | D:5      | Noticed Menkaure
  3628 | D:5      | Killed Menkaure
  3629 | D:5      | Reached XP level 8. HP: 66/66 MP: 7/12
  3633 | D:5      | Identified the +0 robe "Touluor" {rF+ Will+ Str+2 Int-4}
  3640 | D:5      | Reached skill level 4 in Transmutations
  3728 | D:5      | Noticed Dowan
  3775 | D:5      | Noticed Duvessa
  3828 | D:5      | Killed Duvessa
  3829 | D:5      | Reached skill level 5 in Transmutations
  3995 | D:5      | Killed Dowan
  4148 | D:5      | Noticed Grinder
  4167 | D:5      | Killed Grinder
  4168 | D:5      | Reached skill level 6 in Transmutations
  4388 | D:5      | Reached skill level 7 in Transmutations
  4437 | D:5      | Learned a level 3 spell: Spider Form
  4443 | D:5      | Learned a level 5 spell: Blade Hands
  4551 | D:6      | Found a shadowy altar of Dithmenos.
  5141 | D:6      | Reached skill level 8 in Transmutations
  5261 | D:6      | Found a runed translucent gate.
  5262 | D:6      | Found a runed translucent gate.
  5264 | D:6      | Found a runed translucent gate.
  5264 | D:6      | Noticed a kobold demonologist
  5264 | D:6      | Noticed bmj180's ghost (novice GrEE)
  5272 | D:6      | Found a stormy altar of Qazlal.
  5546 | D:6      | Reached XP level 9. HP: 71/71 MP: 13/13
  5611 | D:6      | HP: 4/71 [centaur/arrow (4)]
  5611 | D:6      | Shot with an arrow by a centaur

Vanquished Creatures
  Grinder (D:5)
  Sigmund (D:2)
  Eustachio (D:4)
  Menkaure (D:5)
  Duvessa (D:5)
  An orc warrior (D:6)
  An ice beast (D:5)
  An ogre (D:3)
  A phantom (D:4)
  A kobold brigand (D:6)
  Blork the orc (D:4)
  2 scorpions
  Dowan (D:5)
  A jelly (D:4)
  2 orc priests
  6 hounds
  3 orc wizards
  3 iguanas
  3 gnolls (D:3)
  5 adders
  2 shadow imps
  An ufetubus (D:6)
  A worm (D:3)
  3 dart slugs (D:3)
  8 orcs
  10 ball pythons
  4 bats
  12 endoplasms
  4 giant cockroaches
  4 goblins
  6 hobgoblins
  6 jackals
  5 quokkas
  6 frilled lizards
  14 kobolds
  5 rats
128 creatures vanquished.

Vanquished Creatures (others)
  A kobold (D:6)
  2 fungi (D:6)
  16 plants
19 creatures vanquished.

Grand Total: 147 creatures vanquished
